 Dungeon Crawl Stone Soup version 0.28-a0-1038-g9c4cb8273d (webtiles) character file.

Game seed: 13905594926267258020

204 yoda5477 the Slasher (level 5, 0/41 HPs)
             Began as a Demonspawn Fighter on Dec 8, 2021.
             Succumbed to a water moccasin's poison
             ... on level 4 of the Dungeon.
             The game lasted 00:09:21 (4659 turns).

yoda5477 the Slasher (Demonspawn Fighter)           Turns: 4659, Time: 00:09:21

Health: 0/41       AC:  8    Str: 19    XL:     5   Next: 52%
Magic:  5/5        EV:  9    Int:  9    God:
Gold:   166        SH:  4    Dex: 12    Spells: 4/4 levels left

rFire   . . .      SeeInvis .   a - +0 long sword
rCold   . . .      Faith    .   c - +0 buckler
rNeg    . . .      Spirit   .   b - +0 scale mail
rPois   .          Reflect  .   (no helmet)
rElec   .          Harm     .   q - +0 cloak
rCorr   .          Rampage  .   (no gloves)
Will    .....                   t - +0 pair of boots
Stlth   ..........              (no amulet)
HPRegen 0.13/turn               (no ring)
MPRegen 0.09/turn               (no ring)

@: lethally poisoned (0 -> -12)
A: hooves 1, powered by pain 1
a: no special abilities


You were on level 4 of the Dungeon.
You visited 2 branches of the dungeon, and saw 6 of its levels.

You collected 166 gold pieces.

Inventory:

Hand Weapons
 a - a +0 long sword (weapon)
 o - a +0 hunting sling
Missiles
 k - 17 sling bullets
 n - 99 stones (quivered)
 r - 26 bolts
 u - 3 poisoned darts
 B - 23 arrows
Armour
 b - a +0 scale mail (worn)
 c - a +0 buckler (worn)
 q - a +0 cloak (worn)
 t - a +0 pair of boots (worn)
Magical Staves
 A - a staff of earth
Jewellery
 m - a ring of ice
Wands
 l - a wand of flame (9)
 y - a wand of mindburst (18)
Scrolls
 e - a scroll of identify
 h - a scroll of immolation {unknown}
 j - 2 scrolls of amnesia
 w - a scroll of teleportation {unknown}
 x - a scroll of fear {unknown}
 z - a scroll of blinking
Potions
 d - a potion of might
 f - 2 potions of berserk rage {unknown}
 g - 3 potions of brilliance
 i - a potion of heal wounds {unknown}
 p - 2 potions of mutation {unknown}
 s - a potion of flight {unknown}
 v - a potion of invisibility {unknown}


   Skills:
 - Level 3.0 Fighting
 * Level 4.7 Long Blades
 - Level 2.6 Armour
 + Level 3.5 Shields


You had 4 spell levels left.
You didn't know any spells.
Your spell library contained the following spells:

 Spells                   Type           Power      Damage    Failure   Level
 Magic Dart               Conj           0%         1d3       78%         1
 Call Imp                 Summ           0%         N/A       89%         2
 Conjure Flame            Conj/Fire      0%         6-21      98%         3
 Dazzling Flash           Conj/Hex       0%         N/A       98%         3
 Ignite Poison            Fire/Tmut/Pois 0%         N/A       98%         3
 Mephitic Cloud           Conj/Pois/Air  0%         N/A       98%         3
 Iskenderun's Mystic Bla  Conj/Tloc      0%         2d3       100%        4
 Sticky Flame             Conj/Fire      0%         2d3       100%        4
 Starburst                Conj/Fire      0%         6d3       100%        6


Dungeon Overview and Level Annotations

Branches:
Dungeon (5/15)             Temple (1/1) D:4

Altars:
Cheibriados
Dithmenos
Elyvilon
Gozag
Kikubaaqudgha
Nemelex Xobeh
Qazlal
Uskayaw
Vehumet
Yredelemnul

Annotations:
D:4 2 transporters, Menkaure


Innate Abilities, Weirdness & Mutations

You have large cloven feet.
You sometimes gain a little power by taking damage.


Message History

There is a sparkling altar of Nemelex Xobeh here.
Found an ancient bone altar of Kikubaaqudgha.
Found a white marble altar of Elyvilon.
Found a snail-covered altar of Cheibriados.
Found a basalt altar of Yredelemnul.
Found a radiant altar of Vehumet.
There is a staircase back to the Dungeon here.
There is a staircase back to the Dungeon here.
There is a basalt altar of Yredelemnul here.
There is a basalt altar of Yredelemnul here.
Key pressed, stopping explore.
Partly explored, can't reach some places.
There is a staircase back to the Dungeon here.
You climb upwards.
Welcome back to the Dungeon!
Level annotation: 2 transporters, Menkaure
There is a staircase to the Ecumenical Temple here.
Found a club.
There is an escape hatch in the floor here.
A water moccasin and a gnoll come into view.
The gnoll shouts!
The water moccasin hisses angrily.
You closely miss the water moccasin. The water moccasin bites you!
The water moccasin bites you. The water moccasin bites you.
You are poisoned.
The water moccasin poisons you!
You feel very sick.
You feel sick. The water moccasin bites you.
You are lethally poisoned!
The water moccasin poisons you!
* * * LOW HITPOINT WARNING * * *
You feel very sick.
* * * LOW HITPOINT WARNING * * *
You feel very sick.
You miss the water moccasin.
* * * LOW HITPOINT WARNING * * *
You feel very sick.
The water moccasin completely misses you.
The water moccasin barely misses you.
You miss the water moccasin.
You die...

................©.......#
....###.#...............###
...####.#....###........'..
.....##...##............#
#.##.##.#.##...##.....).#
.....#..#..#...##.>.g...###'###
.............#.##...##..g......
....>...............####.......
................@S#.# .......
.................##... .......
.........###.....####..#.......
.........# ##<...## #.........
.......#.#####....### ##.......
......##.##.........# #......
......##.#..........#
..>...##............#
......#..#...###..###


You could see a water moccasin and a gnoll.

Vanquished Creatures
  A hound (D:3)
  An orc wizard (D:4)
  A mummy (D:4)
  4 adders
  2 worms (D:2)
  3 dart slugs
  8 orcs
  8 bats
  7 endoplasms
  A giant cockroach (D:2)
  3 goblins
  4 hobgoblins
  6 jackals
  3 quokkas
  12 ball pythons
  3 frilled lizards
  6 kobolds
  5 rats
78 creatures vanquished.

Notes
Turn   | Place    | Note
-------+----------+-------------------------------------------
     0 | D:1      | yoda5477 the Demonspawn Fighter began the quest for the
                  | Orb.
     0 | D:1      | Reached XP level 1. HP: 18/18 MP: 1/1
   264 | D:1      | Reached skill level 2 in Long Blades
   303 | D:1      | Gained mutation: You sometimes gain a little power by
                  | taking damage. [demonic ancestry]
   303 | D:1      | Reached XP level 2. HP: 21/24 MP: 2/2
  1320 | D:2      | Reached XP level 3. HP: 29/29 MP: 3/3
  1631 | D:2      | Reached skill level 3 in Long Blades
  2260 | D:3      | Gained mutation: You have large cloven feet. [demonic
                  | ancestry]
  2260 | D:3      | Reached XP level 4. HP: 35/35 MP: 4/4
  2507 | D:4      | Found a transporter.
  2541 | D:3      | Reached skill level 4 in Long Blades
  3125 | D:3      | Reached XP level 5. HP: 31/41 MP: 5/5
  3502 | D:3      | Found a shadowy altar of Dithmenos.
  3851 | D:5      | Entered Level 5 of the Dungeon
  4000 | D:4      | Found a transporter.
  4007 | D:4      | Noticed Menkaure
  4204 | D:4      | Found a staircase to the Ecumenical Temple.
  4213 | Temple   | Entered the Ecumenical Temple
  4649 | D:4      | Noticed a water moccasin
  4659 | D:4      | Succumbed to a water moccasin's poison

Illustrated notes

Levels and vault maps discovered:
D:1:      minmay_arrival_hallway, layout_basic
D:2:      minmay_evil_eye, layout_basic, roderic_malta_cross
D:3:      layout_basic, nicolae_overflow_hidden_temple
D:4:      gammafunk_wand_slinger, layout_rooms, lemuel_doored_altar,
          gammafunk_temple_overflow_elements, lemuel_temple_firewalk_a,
          gup_ossuary_entry_pyramid, uniq_ijyb, uniq_edmund, uniq_menkaure
D:5:      layout_basic
Temple:   compressed_dpeg_triangle_lava_temple

Skill      XL: |  1  2  3  4 |
---------------+-------------+-----
Shields        | 3 |  3.5
Long Blades    | 2 3 4 |  4.7
Fighting       | |  3.0
Armour         | |  2.6

Action                   |  1- 3 |  4- 6 || total
-------------------------+-------+-------++-------
Melee: Long sword        |   147 |   114 ||   261
Throw: Stone             |       |     1 ||     1
  Use: Scroll            |       |     5 ||     5
Armor: Scale mail        |    65 |    38 ||   103
Dodge: Dodged            |    69 |    54 ||   123
Block: Buckler           |    39 |    25 ||    64

Table legend: (Time is in decaauts)
 A = Elapsed time spent in this place.
 B = Non-inter-level travel time spent in this place.
 C = Inter-level travel time spent in this place.
 D = Time resting spent in this place.
 E = Time spent auto-exploring this place.
 F = Levels seen in this place.
 G = Mean time per level.
                   A        B        C        D        E       F      G
               +--------+--------+--------+--------+--------+-----+--------+
         Total |   4731 |   4504 |    227 |    955 |   2740 |   6 |  788.5 |
       Dungeon |   4337 |   4110 |    227 |    955 |   2379 |   5 |  867.4 |
        Temple |    393 |    393 |      0 |      0 |    361 |   1 |  393.0 |
               +--------+--------+--------+--------+--------+-----+--------+

Top non-repeatable levels by time:
     D:3: 1614 daAuts
     D:1: 1174 daAuts
     D:2: 963 daAuts
     D:4: 564 daAuts
  Temple: 393 daAuts
     D:5: 21 daAuts
